Reign vs Admirals

Created - Sunday, February 16, 2025 at 23:13

Goals
1 2 3 T
Reign 1 3 0 4
Admirals 2 1 0 3
Shots
1 2 3 T
Reign 7 10 7 24
Admirals 11 13 6 30

1st period

1. Admirals , Ethan Prow 8 (Adam Brooks 31, Taylor Ward 22) at 0:45 (PP)
2. Reign , Walker Duehr 15 (Justin Schultz 4) at 12:13
3. Admirals , Adam Brooks 25 (Brandt Clarke 27, Jesse Ylonen 41) at 19:57

Penalties :
Josiah Didier (ONT) for Hooking (Minor) at 0:33, Walker Duehr (ONT) for Holding Stick (Minor) at 1:44, Samuel Blais (ONT) for Hooking (Minor) at 4:26, Adam Brooks (MIL) for Holding (Minor) at 9:49, Will Riedell (ONT) for Holding (Minor) at 16:40

2nd period

4. Admirals , Robbie Russo 6 (Adam Brooks 32, Jesse Ylonen 42) at 2:18 (PP)
5. Reign , Daniel Walcott 14 (Steven Lorentz 28, Samuel Blais 31) at 12:20 (PP)
6. Reign , Walker Duehr 16 (Justin Schultz 5, Daniel Walcott 10) at 15:17
7. Reign , Marshall Rifai 5 (Daniel Walcott 11, Matt Murray) at 17:38 (PP)

Penalties :
Ryan Lomberg (ONT) for Cross-checking (Minor) at 0:32, Josiah Didier (ONT) for High sticking (Minor) at 0:44, Ryan Lomberg (ONT) for Tripping (Minor) at 9:23, Taylor Ward (MIL) for Tripping (Minor) at 10:46, Daniel Walcott (ONT) for Interference (Minor) at 13:02, Ethan Prow (MIL) for Interference (Minor) at 15:49

3rd period

No Goal

Penalties :
Michael Karow (MIL) for Slashing (Minor) at 1:31, Jeff Kubiak (MIL) for Fighting (Major) at 8:33, Will Riedell (ONT) for Fighting (Major) at 8:33, Will Riedell (ONT) for Elbowing (Minor) at 14:11

Goalie Stats

Matt Murray (ONT), 27 saves from 30 shots - (0.900), W, 22-9-3, 60:00 minutes
Alex Stalock (MIL), 20 saves from 24 shots - (0.833), L, 17-12-1, 59:00 minutes

Players Stats for Reign

Player Name              G  A  P  +/- PIM S  H  SB GA TA FO     MP     PP MP  PK MP  
------------------------------------------------------------------------------------
Billy Sweezey            0  0  0   0  0   0  0  3  0  0  0/0    19:21   0:00   7:31 
Corey Andonovski         0  0  0   0  0   0  0  0  0  0  0/0     5:18   0:00   0:00 
Daniel Walcott           1  2  3   2  2   2  0  1  0  0  11/18  20:31   3:05   1:07 
Dillon Dube              0  0  0   0  0   2  0  0  0  0  6/10   10:08   0:00   0:58 
Josiah Didier            0  0  0   0  4   0  4  1  0  0  0/0    17:58   3:36   5:44 
Justin Schultz           0  2  2   2  0   0  0  0  0  0  0/0    11:20   0:00   0:00 
Marshall Rifai           1  0  1   0  0   1  0  0  0  0  0/0     2:54   0:53   1:10 
Mason Geertsen           0  0  0   0  0   0  1  0  0  0  7/13   22:00   3:09   5:38 
Oskar Lindblom           0  0  0  -1  0   2  0  0  0  0  0/1    18:09   3:33   1:23 
Ryan Lomberg             0  0  0  -1  4   3  2  0  0  0  2/2    16:44   3:33   0:00 
Samuel Blais             0  1  1   0  2   2  3  1  0  0  4/11   22:17   3:05   6:12 
Sheldon Dries            0  0  0  -1  0   2  0  2  0  0  18/27  22:50   3:33   5:13 
Steven Lorentz           0  1  1   0  0   2  2  0  0  0  2/2    16:35   3:12   5:08 
Topi Niemela             0  0  0   2  0   0  0  2  0  0  0/0    20:02   3:09   6:05 
Turner Elson             0  0  0   2  0   0  1  0  0  0  2/3    12:50   0:07   0:09 
Victor Mete              0  0  0  -1  0   0  2  3  0  0  0/0    23:34   2:43   6:26 
Walker Duehr             2  0  2   2  2   8  2  0  0  0  0/0    13:04   0:07   0:00 
Will Riedell             0  0  0  -1  9   0  4  0  0  0  0/0     8:24   0:00   0:25 

Players Stats for Admirals

Player Name              G  A  P  +/- PIM S  H  SB GA TA FO     MP     PP MP  PK MP  
------------------------------------------------------------------------------------
Adam Brooks              1  2  3   0  2   4  2  0  0  0  15/30  17:45   6:38   0:00 
Boris Katchouk           0  0  0   0  0   1  0  1  0  0  0/0    10:25   1:05   0:00 
Brandt Clarke            0  1  1   1  0   0  0  2  0  0  0/0    23:46   6:24   3:51 
Derrick Pouliot          0  0  0   1  0   2  1  1  0  0  0/0    24:25   6:55   3:59 
Ethan Prow               1  0  1   0  2   1  0  1  0  0  0/0    20:15   5:52   1:54 
FarmPlay1                0  0  0  -1  0   0  0  0  0  0  0/0     2:20   0:34   0:55 
Gage Goncalves           0  0  0   0  0   3  1  1  0  0  2/9    22:01   6:32   4:05 
Jeff Kubiak              0  0  0  -1  5   3  1  0  0  0  8/13   12:41   0:51   0:00 
Jesse Ylonen             0  2  2   0  0   2  2  1  0  0  0/4    22:27   6:04   2:14 
Landon Slaggert          0  0  0   0  0   0  1  1  0  0  0/2     7:11   1:30   0:25 
Michael Karow            0  0  0  -2  2   1  2  2  0  0  0/0    14:43   0:20   0:51 
Michael Pezzetta         0  0  0   0  0   3  2  0  0  0  1/1    23:09   5:02   3:50 
Nick Jones               0  0  0  -1  0   1  1  0  0  0  0/0    14:57   0:34   0:00 
Nick Wolff               0  0  0   0  0   0  0  0  0  0  0/0     0:20   0:20   0:00 
Robbie Russo             1  0  1   0  0   2  1  1  0  0  0/0    21:47   6:23   2:54 
Taylor Ward              0  1  1   0  2   3  2  0  0  0  1/4    18:16   7:08   0:00 
Vinni Lettieri           0  0  0   0  0   4  1  0  0  0  8/24   21:58   5:38   2:01 
William Wallinder        0  0  0  -2  0   0  1  1  0  0  0/0    14:08   0:34   0:01 

3 Stars

1 - Walker Duehr (ONT)
2 - Daniel Walcott (ONT)
3 - Adam Brooks (MIL)

Power Play

Reign - 2 on 4 Attempt(s) - 50.00%
Admirals - 2 on 9 Attempt(s) - 22.22%

Penalty Kill

Reign - 7 on 9 Attempt(s) - 77.78% - Score 0 goal in Penalty Kill
Admirals - 2 on 4 Attempt(s) - 50.00% - Score 0 goal in Penalty Kill

Team Stat

Reign - Hits : 21 - Faceoff Wins : 52 - Blocked Shots : 13 - Penalty Minutes : 23
Admirals - Hits : 18 - Faceoff Wins : 35 - Blocked Shots : 12 - Penalty Minutes : 13

Official

Referees : Kendrick Nicholson and Jordan Samuels
Linesman : Steve Barton and Mark Shewchyk

Game Notes

Jeff Kubiak and Will Riedell fight to a draw at 8:33 of 3rd period

Finance

Level 1 -- Attendance: 1927 (96.35%) -- Ticket Income $67,445
Level 2 -- Attendance: 1000 (100.00%) -- Ticket Income $15,000
Total Attendance: 2927 (97.57%)
Total Ticket Income: $82,445
Other Income: $40,398
Total Income: $122,843

Reign

5 vs 5 Forward 
   Center                   Left Wing                Right Wing               Time % Phy DF OF 
 1 Dillon Dube              Steven Lorentz           Samuel Blais             25     1   2  2  
 2 Sheldon Dries            Oskar Lindblom           Ryan Lomberg             25     1   2  2  
 3 Daniel Walcott           Turner Elson             Walker Duehr             25     1   2  2  
 4 Samuel Blais             Daniel Walcott           Corey Andonovski         25     1   2  2  

5 vs 5 Defense 
   Defense                  Defense                                           Time % Phy DF OF 
 1 Victor Mete              Josiah Didier                                     25     1   2  2  
 2 Topi Niemela             Justin Schultz                                    25     1   2  2  
 3 Mason Geertsen           Billy Sweezey                                     25     1   2  2  
 4 Will Riedell             Victor Mete                                       25     1   2  2  

PowerPlay Forward 
   Center                   Left Wing                Right Wing               Time % Phy DF OF 
 1 Daniel Walcott           Steven Lorentz           Samuel Blais             60     1   2  2  
 2 Sheldon Dries            Oskar Lindblom           Ryan Lomberg             40     1   2  2  

PowerPlay Defense
   Defense                  Defense                                           Time % Phy DF OF 
 1 Victor Mete              Josiah Didier                                     60     1   2  2  
 2 Topi Niemela             Mason Geertsen                                    40     1   2  2  

Penalty Kill 4 Players Forward 
   Center                   Wing                     Time % Phy DF OF 
 1 Mason Geertsen           Samuel Blais             60     1   2  2  
 2 Sheldon Dries            Steven Lorentz           40     1   2  2  

Penalty Kill 4 Players Defense
   Defense                  Defense                  Time % Phy DF OF 
 1 Victor Mete              Josiah Didier            60     1   2  2  
 2 Topi Niemela             Billy Sweezey            40     1   2  2  

Penalty Kill - 3 Players Forward 
   Forward                                           Time % Phy DF OF 
 1 Steven Lorentz                                    60     1   2  2  
 2 Samuel Blais                                      40     1   2  2  

Penalty Kill - 3 Players Defense
   Defense                  Defense                  Time % Phy DF OF 
 1 Victor Mete              Josiah Didier            60     1   2  2  
 2 Topi Niemela             Billy Sweezey            40     1   2  2  

4 vs 4 Forward 
   Center                   Wing                     Time % Phy DF OF 
 1 Dillon Dube              Samuel Blais             60     1   2  2  
 2 Sheldon Dries            Steven Lorentz           40     1   2  2  

4 vs 4 Defense
   Defense                  Defense                  Time % Phy DF OF 
 1 Victor Mete              Josiah Didier            60     1   2  2  
 2 Topi Niemela             Will Riedell             40     1   2  2  

Last Minutes Offensive
   Center                   Left Wing                Right Wing               Defense                  Defense                  
   Dillon Dube              Steven Lorentz           Samuel Blais             Victor Mete              Josiah Didier            

Last Minutes Defensive
   Center                   Left Wing                Right Wing               Defense                  Defense                  
   Dillon Dube              Steven Lorentz           Samuel Blais             Victor Mete              Josiah Didier            

Goaltenders
Starting : Matt Murray              
Backup : Parker Gahagen           

Extra Forwards
Normal : Walker Duehr, Turner Elson, Daniel Walcott - PP : Walker Duehr, Turner Elson - PK : Daniel Walcott
Extra Defensemen
Normal : Mason Geertsen, Billy Sweezey, Will Riedell - PP : Mason Geertsen - PK : Billy Sweezey, Will Riedell
Penalty Shots
Walker Duehr, Samuel Blais, Sheldon Dries, Steven Lorentz, Oskar Lindblom
Custom OT Lines Forwards
Mason Geertsen, Samuel Blais, Sheldon Dries, Steven Lorentz, Oskar Lindblom, Ryan Lomberg, Walker Duehr, Turner Elson, Daniel Walcott, Corey Andonovski
Custom OT Lines Defensemen
Victor Mete, Josiah Didier, Topi Niemela, Will Riedell, Mason Geertsen

Scratches
Evan Polei (Healthy), Vincent Arseneau (Healthy), Josh Healey (Healthy), Brett Harrison (Healthy), Kevin Conley (Healthy)
Joey Abate (Healthy), Ryder Korczak (Healthy), Ryan MacKinnon (Healthy), Samuel Laberge (Healthy), Jonas Johansson (Suspend)
Dylan Wells (Healthy)

Admirals

5 vs 5 Forward 
   Center                   Left Wing                Right Wing               Time % Phy DF OF 
 1 Vinni Lettieri           Boris Katchouk           Michael Pezzetta         25     1   2  2  
 2 Adam Brooks              Jesse Ylonen             Taylor Ward              25     1   2  2  
 3 Jeff Kubiak              Gage Goncalves           Nick Jones               25     1   2  2  
 4 Jesse Ylonen             Vinni Lettieri           Michael Pezzetta         25     1   2  2  

5 vs 5 Defense 
   Defense                  Defense                                           Time % Phy DF OF 
 1 Derrick Pouliot          Brandt Clarke                                     25     1   2  2  
 2 Robbie Russo             Ethan Prow                                        25     1   2  2  
 3 William Wallinder        Michael Karow                                     25     1   2  2  
 4 Brandt Clarke            Derrick Pouliot                                   25     1   2  2  

PowerPlay Forward 
   Center                   Left Wing                Right Wing               Time % Phy DF OF 
 1 Vinni Lettieri           Michael Pezzetta         Gage Goncalves           60     1   2  2  
 2 Adam Brooks              Jesse Ylonen             Taylor Ward              40     1   2  2  

PowerPlay Defense
   Defense                  Defense                                           Time % Phy DF OF 
 1 Derrick Pouliot          Brandt Clarke                                     60     1   2  2  
 2 Robbie Russo             Ethan Prow                                        40     1   2  2  

Penalty Kill 4 Players Forward 
   Center                   Wing                     Time % Phy DF OF 
 1 Gage Goncalves           Michael Pezzetta         60     1   2  2  
 2 Jesse Ylonen             Vinni Lettieri           40     1   2  2  

Penalty Kill 4 Players Defense
   Defense                  Defense                  Time % Phy DF OF 
 1 Derrick Pouliot          Brandt Clarke            60     1   2  2  
 2 Robbie Russo             Ethan Prow               40     1   2  2  

Penalty Kill - 3 Players Forward 
   Forward                                           Time % Phy DF OF 
 1 Jesse Ylonen                                      60     1   2  2  
 2 Vinni Lettieri                                    40     1   2  2  

Penalty Kill - 3 Players Defense
   Defense                  Defense                  Time % Phy DF OF 
 1 Derrick Pouliot          Brandt Clarke            60     1   2  2  
 2 Robbie Russo             Ethan Prow               40     1   2  2  

4 vs 4 Forward 
   Center                   Wing                     Time % Phy DF OF 
 1 Gage Goncalves           Landon Slaggert          60     1   2  2  
 2 Jesse Ylonen             Vinni Lettieri           40     1   2  2  

4 vs 4 Defense
   Defense                  Defense                  Time % Phy DF OF 
 1 Derrick Pouliot          Brandt Clarke            60     1   2  2  
 2 Robbie Russo             Ethan Prow               40     1   2  2  

Last Minutes Offensive
   Center                   Left Wing                Right Wing               Defense                  Defense                  
   Vinni Lettieri           Michael Pezzetta         Jesse Ylonen             Derrick Pouliot          Brandt Clarke            

Last Minutes Defensive
   Center                   Left Wing                Right Wing               Defense                  Defense                  
   Vinni Lettieri           Michael Pezzetta         Jesse Ylonen             Derrick Pouliot          Brandt Clarke            

Goaltenders
Starting : Alex Stalock             
Backup : Garret Sparks            

Extra Forwards
Normal : Landon Slaggert, Gage Goncalves, Jesse Ylonen - PP : Landon Slaggert, Gage Goncalves - PK : Jesse Ylonen
Extra Defensemen
Normal : William Wallinder, Michael Karow, Brandt Clarke - PP : William Wallinder - PK : Michael Karow, Derrick Pouliot
Penalty Shots
Landon Slaggert, Michael Pezzetta, Jesse Ylonen, Vinni Lettieri, Gage Goncalves
Custom OT Lines Forwards
Nick Jones, Boris Katchouk, Jesse Ylonen, Vinni Lettieri, Gage Goncalves, Michael Pezzetta, Landon Slaggert, Adam Brooks, Taylor Ward, Jeff Kubiak
Custom OT Lines Defensemen
Derrick Pouliot, Brandt Clarke, Robbie Russo, Ethan Prow, William Wallinder

Scratches
Nolan Allan (Healthy), Kyle Clifford (Healthy), Ville Husso (Healthy), Farm Goalie 18 (Healthy)

% Time on Ice - Reign

Lines # - Real PCT - Wanted PCT - Time Play
Normal Forward
1 - 21% - 25% - 8:15
2 - 34% - 25% - 13:13
3 - 32% - 25% - 12:28
4 - 13% - 25% - 5:02
Normal Defense
1 - 19% - 25% - 7:13
2 - 29% - 25% - 11:20
3 - 30% - 25% - 11:50
4 - 22% - 25% - 8:35
PP Forward
1 - 47% - 60% - 3:12
2 - 53% - 40% - 3:33
PP Defense
1 - 53% - 60% - 3:36
2 - 47% - 40% - 3:09
PK Forward
1 - 71% - 60% - 8:33
2 - 29% - 40% - 3:34
PK Defense
1 - 50% - 60% - 6:06
2 - 50% - 40% - 6:01
PK3 Forward
1 - 100% - 60% - 1:34
2 - 0% - 40% - 0:00
PK3 Defense
1 - 96% - 60% - 1:30
2 - 4% - 40% - 0:04
44 Forward
1 - 100% - 60% - 0:36
2 - 0% - 40% - 0:00
44 Defense
1 - 83% - 60% - 0:30
2 - 17% - 40% - 0:06
Last Minute Offensive  - 0:00
Last Minute Defensive  - 0:00
Total
Forward - 60:00
Defense - 60:00

% Time on Ice - Admirals

Lines # - Real PCT - Wanted PCT - Time Play
Normal Forward
1 - 24% - 25% - 9:20
2 - 29% - 25% - 11:01
3 - 36% - 25% - 13:38
4 - 11% - 25% - 4:10
Normal Defense
1 - 17% - 25% - 6:31
2 - 31% - 25% - 12:00
3 - 36% - 25% - 13:33
4 - 16% - 25% - 6:05
PP Forward
1 - 48% - 60% - 6:32
2 - 52% - 40% - 7:09
PP Defense
1 - 53% - 60% - 7:15
2 - 47% - 40% - 6:26
PK Forward
1 - 70% - 60% - 4:44
2 - 30% - 40% - 2:01
PK Defense
1 - 57% - 60% - 3:51
2 - 43% - 40% - 2:54
PK3 Forward
1 - 0% - 60%
2 - 0% - 40%
PK3 Defense
1 - 0% - 60%
2 - 0% - 40%
44 Forward
1 - 100% - 60% - 0:36
2 - 0% - 40% - 0:00
44 Defense
1 - 17% - 60% - 0:06
2 - 83% - 40% - 0:30
Last Minute Offensive  - 0:49
Last Minute Defensive  - 0:00
Total
Forward - 60:00
Defense - 60:00

Play-by-Play

1st period


0:01 of 1st period - Michael Pezzetta wins face-off versus Dillon Dube in neutral zone.
0:03 of 1st period - Brandt Clarke is hit by Josiah Didier and loses puck.
0:14 of 1st period - Shot by Samuel Blais.
0:14 of 1st period - Stopped by Alex Stalock with a rebound.
0:27 of 1st period - Boris Katchouk is hit by Josiah Didier and loses puck.
0:33 of 1st period - Minor Penalty to Josiah Didier for Hooking.
0:34 of 1st period - Adam Brooks wins face-off versus Mason Geertsen in Reign zone.
0:41 of 1st period - Shot by Taylor Ward.
0:41 of 1st period - Shot Misses the Net.
0:43 of 1st period - Shot by Adam Brooks.
0:43 of 1st period - Shot Misses the Net.
0:45 of 1st period - Shot by Ethan Prow.
0:45 of 1st period - Goal by Ethan Prow - Reign : 0 - Admirals : 1.
0:46 of 1st period - Sheldon Dries wins face-off versus Jeff Kubiak in neutral zone.
1:15 of 1st period - Ryan Lomberg is hit by Michael Karow.
1:44 of 1st period - Minor Penalty to Walker Duehr for Holding Stick.
1:45 of 1st period - Mason Geertsen wins face-off versus Adam Brooks in Reign zone.
1:54 of 1st period - Samuel Blais is hit by Adam Brooks and loses puck.
2:17 of 1st period - Shot by Brandt Clarke.
2:17 of 1st period - Shot Misses the Net.
2:19 of 1st period - Shot by Taylor Ward.
2:19 of 1st period - Stopped by Matt Murray with a rebound.
2:34 of 1st period - Off-side.
2:35 of 1st period - Sheldon Dries wins face-off versus Vinni Lettieri in neutral zone.
2:51 of 1st period - Shot by Vinni Lettieri.
2:51 of 1st period - Shot Blocked by Sheldon Dries.
2:55 of 1st period - Shot by Robbie Russo.
2:55 of 1st period - Stopped by Matt Murray without a rebound.
2:56 of 1st period - Adam Brooks wins face-off versus Mason Geertsen in Reign zone.
3:15 of 1st period - Shot by Derrick Pouliot.
3:15 of 1st period - Shot Hit the Post.
3:17 of 1st period - Shot by Derrick Pouliot.
3:17 of 1st period - Stopped by Matt Murray with a rebound.
3:19 of 1st period - Shot by Adam Brooks.
3:19 of 1st period - Stopped by Matt Murray without a rebound.
3:20 of 1st period - Sheldon Dries wins face-off versus Vinni Lettieri in Reign zone.
4:11 of 1st period - Shot by Walker Duehr.
4:11 of 1st period - Stopped by Alex Stalock with a rebound.
4:13 of 1st period - Shot by Turner Elson.
4:13 of 1st period - Shot Blocked by Michael Karow.
4:26 of 1st period - Minor Penalty to Samuel Blais for Hooking.
4:27 of 1st period - Adam Brooks wins face-off versus Sheldon Dries in Reign zone.
4:27 of 1st period - Adam Brooks is hit by Josiah Didier.
6:08 of 1st period - Shot by Daniel Walcott.
6:08 of 1st period - Shot Blocked by Derrick Pouliot.
7:16 of 1st period - Shot by Walker Duehr.
7:16 of 1st period - Shot Blocked by William Wallinder.
7:18 of 1st period - Shot by Walker Duehr.
7:18 of 1st period - Shot Misses the Net.
7:20 of 1st period - Shot by Walker Duehr.
7:20 of 1st period - Stopped by Alex Stalock without a rebound.
7:21 of 1st period - Vinni Lettieri wins face-off versus Samuel Blais in Admirals zone.
7:26 of 1st period - Shot by Boris Katchouk.
7:26 of 1st period - Stopped by Matt Murray without a rebound.
7:27 of 1st period - Turner Elson wins face-off versus Vinni Lettieri in Reign zone.
7:42 of 1st period - Shot by Walker Duehr.
7:42 of 1st period - Stopped by Alex Stalock without a rebound.
7:43 of 1st period - Adam Brooks wins face-off versus Dillon Dube in Admirals zone.
7:58 of 1st period - Topi Niemela is hit by Jesse Ylonen and loses puck.
8:42 of 1st period - Shot by Boris Katchouk.
8:42 of 1st period - Deflect By Michael Pezzetta.
8:42 of 1st period - Stopped by Matt Murray without a rebound.
8:43 of 1st period - Jeff Kubiak wins face-off versus Oskar Lindblom in Reign zone.
8:54 of 1st period - Shot by Robbie Russo.
8:54 of 1st period - Shot Misses the Net.
9:14 of 1st period - Shot by Jeff Kubiak.
9:14 of 1st period - Stopped by Matt Murray with a rebound.
9:46 of 1st period - Shot by Boris Katchouk.
9:46 of 1st period - Shot Misses the Net.
9:48 of 1st period - Shot by Michael Karow.
9:48 of 1st period - Stopped by Matt Murray without a rebound.
9:49 of 1st period - Samuel Blais wins face-off versus Adam Brooks in Reign zone.
9:49 of 1st period - Minor Penalty to Adam Brooks for Holding.
9:50 of 1st period - Gage Goncalves wins face-off versus Daniel Walcott in Admirals zone.
9:50 of 1st period - Gage Goncalves is hit by Steven Lorentz.
10:02 of 1st period - Shot by Steven Lorentz.
10:02 of 1st period - Stopped by Alex Stalock without a rebound.
10:03 of 1st period - Daniel Walcott wins face-off versus Gage Goncalves in Admirals zone.
11:02 of 1st period - Off-side.
11:03 of 1st period - Ryan Lomberg wins face-off versus Gage Goncalves in neutral zone.
11:14 of 1st period - Josiah Didier is hit by Jesse Ylonen.
12:03 of 1st period - Icing by Jesse Ylonen.
12:04 of 1st period - Adam Brooks wins face-off versus Daniel Walcott in Admirals zone.
12:13 of 1st period - Shot by Walker Duehr.
12:13 of 1st period - Goal by Walker Duehr - Reign : 1 - Admirals : 1.
12:14 of 1st period - Steven Lorentz wins face-off versus Jeff Kubiak in neutral zone.
12:42 of 1st period - Shot by Steven Lorentz.
12:42 of 1st period - Shot Misses the Net.
14:25 of 1st period - Shot by Samuel Blais.
14:25 of 1st period - Shot Misses the Net.
15:32 of 1st period - Shot by Oskar Lindblom.
15:32 of 1st period - Shot Blocked by Landon Slaggert.
16:28 of 1st period - Adam Brooks is hit by Will Riedell and loses puck.
16:40 of 1st period - Minor Penalty to Will Riedell for Holding.
16:41 of 1st period - Adam Brooks wins face-off versus Mason Geertsen in Reign zone.
17:28 of 1st period - Shot by Boris Katchouk.
17:28 of 1st period - Shot Misses the Net.
18:08 of 1st period - Shot by Gage Goncalves.
18:08 of 1st period - Deflect By Jeff Kubiak.
18:08 of 1st period - Stopped by Matt Murray without a rebound.
18:09 of 1st period - Jeff Kubiak wins face-off versus Sheldon Dries in Reign zone.
19:33 of 1st period - Shot by Dillon Dube.
19:33 of 1st period - Deflect By Steven Lorentz.
19:33 of 1st period - Stopped by Alex Stalock without a rebound.
19:34 of 1st period - Sheldon Dries wins face-off versus Taylor Ward in Admirals zone.
19:41 of 1st period - Shot by Sheldon Dries.
19:41 of 1st period - Shot Blocked by Brandt Clarke.
19:57 of 1st period - Shot by Adam Brooks.
19:57 of 1st period - Goal by Adam Brooks - Reign : 1 - Admirals : 2.
19:58 of 1st period - Jeff Kubiak wins face-off versus Samuel Blais in neutral zone.
Goals for this period are 1 for Reign vs 2 for Admirals.
Shots for this period are 7 for Reign vs 11 for Admirals.

2nd period


0:01 of 2nd period - Vinni Lettieri wins face-off versus Samuel Blais in neutral zone.
0:16 of 2nd period - Shot by Vinni Lettieri.
0:16 of 2nd period - Deflect By Michael Pezzetta.
0:16 of 2nd period - Shot Blocked by Daniel Walcott.
0:18 of 2nd period - Shot by Michael Pezzetta.
0:18 of 2nd period - Shot Blocked by Victor Mete.
0:20 of 2nd period - Shot by Derrick Pouliot.
0:20 of 2nd period - Shot Hit the Post.
0:22 of 2nd period - Shot by Michael Pezzetta.
0:22 of 2nd period - Stopped by Matt Murray without a rebound.
0:23 of 2nd period - Ryan Lomberg wins face-off versus Taylor Ward in Reign zone.
0:23 of 2nd period - Oskar Lindblom is hit by Taylor Ward and loses puck.
0:28 of 2nd period - Shot by Taylor Ward.
0:28 of 2nd period - Stopped by Matt Murray without a rebound.
0:29 of 2nd period - Sheldon Dries wins face-off versus Jesse Ylonen in Reign zone.
0:29 of 2nd period - Sheldon Dries is hit by Adam Brooks.
0:32 of 2nd period - Minor Penalty to Ryan Lomberg for Cross-checking.
0:33 of 2nd period - Vinni Lettieri wins face-off versus Mason Geertsen in Reign zone.
0:43 of 2nd period - Michael Pezzetta is hit by Josiah Didier and loses puck.
0:44 of 2nd period - Minor Penalty to Josiah Didier for High sticking.
0:45 of 2nd period - Steven Lorentz wins face-off versus Adam Brooks in Reign zone.
2:14 of 2nd period - Shot by Jesse Ylonen.
2:14 of 2nd period - Shot Blocked by Billy Sweezey.
2:18 of 2nd period - Shot by Robbie Russo.
2:18 of 2nd period - Goal by Robbie Russo - Reign : 1 - Admirals : 3.
2:19 of 2nd period - Mason Geertsen wins face-off versus Vinni Lettieri in neutral zone.
2:48 of 2nd period - Shot by Vinni Lettieri.
2:48 of 2nd period - Deflect By Landon Slaggert.
2:48 of 2nd period - Shot Blocked by Topi Niemela.
3:08 of 2nd period - Shot by Turner Elson.
3:08 of 2nd period - Shot Misses the Net.
4:54 of 2nd period - Shot by Oskar Lindblom.
4:54 of 2nd period - Shot Misses the Net.
4:56 of 2nd period - Shot by Ryan Lomberg.
4:56 of 2nd period - Stopped by Alex Stalock without a rebound.
4:57 of 2nd period - Vinni Lettieri wins face-off versus Turner Elson in Admirals zone.
5:21 of 2nd period - Icing by Turner Elson.
5:22 of 2nd period - Jeff Kubiak wins face-off versus Sheldon Dries in Reign zone.
5:26 of 2nd period - Icing by Mason Geertsen.
5:27 of 2nd period - Sheldon Dries wins face-off versus Gage Goncalves in Reign zone.
5:43 of 2nd period - Shot by Gage Goncalves.
5:43 of 2nd period - Shot Misses the Net.
5:45 of 2nd period - Shot by Gage Goncalves.
5:45 of 2nd period - Stopped by Matt Murray with a rebound.
5:47 of 2nd period - Shot by Nick Jones.
5:47 of 2nd period - Stopped by Matt Murray without a rebound.
5:48 of 2nd period - Samuel Blais wins face-off versus Vinni Lettieri in Reign zone.
6:42 of 2nd period - Icing by Michael Karow.
6:43 of 2nd period - Jeff Kubiak wins face-off versus Sheldon Dries in Admirals zone.
6:52 of 2nd period - Shot by Gage Goncalves.
6:52 of 2nd period - Stopped by Matt Murray without a rebound.
6:53 of 2nd period - Adam Brooks wins face-off versus Daniel Walcott in Reign zone.
7:26 of 2nd period - Icing by Ethan Prow.
7:27 of 2nd period - Sheldon Dries wins face-off versus Adam Brooks in Admirals zone.
8:19 of 2nd period - Michael Pezzetta is hit by Steven Lorentz and loses puck.
8:32 of 2nd period - Shot by Steven Lorentz.
8:32 of 2nd period - Shot Misses the Net.
9:08 of 2nd period - Shot by Daniel Walcott.
9:08 of 2nd period - Stopped by Alex Stalock with a rebound.
9:23 of 2nd period - Minor Penalty to Ryan Lomberg for Tripping.
9:24 of 2nd period - Adam Brooks wins face-off versus Mason Geertsen in Reign zone.
9:39 of 2nd period - Shot by Taylor Ward.
9:39 of 2nd period - Shot Blocked by Samuel Blais.
9:41 of 2nd period - Shot by Adam Brooks.
9:41 of 2nd period - Shot Blocked by Josiah Didier.
9:43 of 2nd period - Shot by Ethan Prow.
9:43 of 2nd period - Shot Misses the Net.
9:45 of 2nd period - Shot by Taylor Ward.
9:45 of 2nd period - Deflect By Jesse Ylonen.
9:45 of 2nd period - Shot Misses the Net.
9:51 of 2nd period - Shot by Adam Brooks.
9:51 of 2nd period - Stopped by Matt Murray without a rebound.
9:52 of 2nd period - Sheldon Dries wins face-off versus Taylor Ward in Reign zone.
10:11 of 2nd period - Shot by Jesse Ylonen.
10:11 of 2nd period - Stopped by Matt Murray without a rebound.
10:12 of 2nd period - Mason Geertsen wins face-off versus Vinni Lettieri in Reign zone.
10:46 of 2nd period - Minor Penalty to Taylor Ward for Tripping.
10:47 of 2nd period - Dillon Dube wins face-off versus Gage Goncalves in Admirals zone.
10:48 of 2nd period - Shot by Walker Duehr.
10:48 of 2nd period - Shot Misses the Net.
10:50 of 2nd period - Shot by Dillon Dube.
10:50 of 2nd period - Stopped by Alex Stalock with a rebound.
10:52 of 2nd period - Shot by Walker Duehr.
10:52 of 2nd period - Shot Blocked by Gage Goncalves.
10:54 of 2nd period - Shot by Dillon Dube.
10:54 of 2nd period - Shot Blocked by Ethan Prow.
11:12 of 2nd period - Shot by Dillon Dube.
11:12 of 2nd period - Shot Misses the Net.
11:14 of 2nd period - Shot by Dillon Dube.
11:14 of 2nd period - Shot Blocked by Robbie Russo.
11:16 of 2nd period - Shot by Walker Duehr.
11:16 of 2nd period - Stopped by Alex Stalock without a rebound.
11:17 of 2nd period - Dillon Dube wins face-off versus Jesse Ylonen in Admirals zone.
11:41 of 2nd period - Icing by Sheldon Dries.
11:42 of 2nd period - Sheldon Dries wins face-off versus Gage Goncalves in Reign zone.
11:58 of 2nd period - Shot by Sheldon Dries.
11:58 of 2nd period - Stopped by Alex Stalock with a rebound.
12:08 of 2nd period - Shot by Michael Pezzetta.
12:08 of 2nd period - Stopped by Matt Murray with a rebound.
12:20 of 2nd period - Shot by Daniel Walcott.
12:20 of 2nd period - Goal by Daniel Walcott - Reign : 2 - Admirals : 3.
12:21 of 2nd period - Adam Brooks wins face-off versus Daniel Walcott in neutral zone.
12:28 of 2nd period - Shot by Adam Brooks.
12:28 of 2nd period - Stopped by Matt Murray without a rebound.
12:29 of 2nd period - Daniel Walcott wins face-off versus Adam Brooks in Reign zone.
12:31 of 2nd period - Icing by Walker Duehr.
12:32 of 2nd period - Daniel Walcott wins face-off versus Adam Brooks in Reign zone.
13:01 of 2nd period - Shot by Daniel Walcott.
13:01 of 2nd period - Shot Blocked by Jesse Ylonen.
13:02 of 2nd period - Minor Penalty to Daniel Walcott for Interference.
13:03 of 2nd period - Mason Geertsen wins face-off versus Vinni Lettieri in Reign zone.
13:24 of 2nd period - Shot by Gage Goncalves.
13:24 of 2nd period - Shot Blocked by Billy Sweezey.
13:26 of 2nd period - Shot by Vinni Lettieri.
13:26 of 2nd period - Shot Misses the Net.
13:28 of 2nd period - Shot by Derrick Pouliot.
13:28 of 2nd period - Shot Misses the Net.
13:30 of 2nd period - Shot by Gage Goncalves.
13:30 of 2nd period - Stopped by Matt Murray with a rebound.
13:32 of 2nd period - Shot by Vinni Lettieri.
13:32 of 2nd period - Shot Blocked by Topi Niemela.
13:43 of 2nd period - Off-side.
13:44 of 2nd period - Adam Brooks wins face-off versus Sheldon Dries in neutral zone.
13:57 of 2nd period - Shot by Ethan Prow.
13:57 of 2nd period - Shot Blocked by Victor Mete.
13:59 of 2nd period - Shot by Ethan Prow.
13:59 of 2nd period - Shot Misses the Net.
14:01 of 2nd period - Shot by Ethan Prow.
14:01 of 2nd period - Shot Blocked by Sheldon Dries.
14:03 of 2nd period - Shot by Adam Brooks.
14:03 of 2nd period - Shot Misses the Net.
14:05 of 2nd period - Shot by Robbie Russo.
14:05 of 2nd period - Shot Misses the Net.
14:07 of 2nd period - Shot by Jesse Ylonen.
14:07 of 2nd period - Shot Misses the Net.
14:09 of 2nd period - Shot by Ethan Prow.
14:09 of 2nd period - Shot Misses the Net.
14:35 of 2nd period - Sheldon Dries is hit by Vinni Lettieri and loses puck.
14:48 of 2nd period - Billy Sweezey is hit by Landon Slaggert and loses puck.
15:11 of 2nd period - Off-side.
15:12 of 2nd period - Daniel Walcott wins face-off versus Jeff Kubiak in neutral zone.
15:17 of 2nd period - Shot by Walker Duehr.
15:17 of 2nd period - Goal by Walker Duehr - Reign : 3 - Admirals : 3.
15:18 of 2nd period - Daniel Walcott wins face-off versus Vinni Lettieri in neutral zone.
15:38 of 2nd period - Shot by Boris Katchouk.
15:38 of 2nd period - Deflect By Vinni Lettieri.
15:38 of 2nd period - Stopped by Matt Murray without a rebound.
15:39 of 2nd period - Dillon Dube wins face-off versus Adam Brooks in Reign zone.
15:49 of 2nd period - Minor Penalty to Ethan Prow for Interference.
15:50 of 2nd period - Sheldon Dries wins face-off versus Gage Goncalves in Admirals zone.
16:05 of 2nd period - Shot by Oskar Lindblom.
16:05 of 2nd period - Stopped by Alex Stalock without a rebound.
16:06 of 2nd period - Daniel Walcott wins face-off versus Gage Goncalves in Admirals zone.
16:22 of 2nd period - Shot by Steven Lorentz.
16:22 of 2nd period - Shot Blocked by Brandt Clarke.
17:03 of 2nd period - Michael Karow is hit by Ryan Lomberg and loses puck.
17:08 of 2nd period - Shot by Ryan Lomberg.
17:08 of 2nd period - Shot Misses the Net.
17:38 of 2nd period - Shot by Marshall Rifai.
17:38 of 2nd period - Goal by Marshall Rifai - Reign : 4 - Admirals : 3.
17:39 of 2nd period - Daniel Walcott wins face-off versus Adam Brooks in neutral zone.
17:46 of 2nd period - Shot by Walker Duehr.
17:46 of 2nd period - Stopped by Alex Stalock without a rebound.
17:47 of 2nd period - Adam Brooks wins face-off versus Daniel Walcott in Admirals zone.
18:16 of 2nd period - Off-side.
18:17 of 2nd period - Sheldon Dries wins face-off versus Jeff Kubiak in neutral zone.
18:44 of 2nd period - Oskar Lindblom is hit by Jeff Kubiak and loses puck.
19:22 of 2nd period - Boris Katchouk is hit by Mason Geertsen and loses puck.
19:31 of 2nd period - Shot by William Wallinder.
19:31 of 2nd period - Shot Blocked by Billy Sweezey.
19:33 of 2nd period - Shot by Vinni Lettieri.
19:33 of 2nd period - Stopped by Matt Murray without a rebound.
19:34 of 2nd period - Dillon Dube wins face-off versus Adam Brooks in Reign zone.
19:40 of 2nd period - Robbie Russo is hit by Samuel Blais.
19:59 of 2nd period - Taylor Ward is hit by Samuel Blais and loses puck.
Goals for this period are 3 for Reign vs 1 for Admirals.
Shots for this period are 10 for Reign vs 13 for Admirals.

3rd period


0:01 of 3rd period - Vinni Lettieri wins face-off versus Samuel Blais in neutral zone.
0:20 of 3rd period - Michael Pezzetta is hit by Will Riedell and loses puck.
0:28 of 3rd period - Michael Pezzetta is hit by Will Riedell.
0:33 of 3rd period - Michael Pezzetta is hit by Victor Mete and loses puck.
1:12 of 3rd period - Shot by Ryan Lomberg.
1:12 of 3rd period - Stopped by Alex Stalock without a rebound.
1:13 of 3rd period - Adam Brooks wins face-off versus Daniel Walcott in Admirals zone.
1:31 of 3rd period - Minor Penalty to Michael Karow for Slashing.
1:32 of 3rd period - Gage Goncalves wins face-off versus Sheldon Dries in Admirals zone.
1:44 of 3rd period - Shot by Brandt Clarke.
1:44 of 3rd period - Shot Misses the Net.
3:49 of 3rd period - Shot by Jeff Kubiak.
3:49 of 3rd period - Stopped by Matt Murray without a rebound.
3:50 of 3rd period - Samuel Blais wins face-off versus Adam Brooks in Reign zone.
4:02 of 3rd period - Shot by Corey Andonovski.
4:02 of 3rd period - Shot Blocked by Michael Karow.
4:07 of 3rd period - Icing by Michael Karow.
4:08 of 3rd period - Adam Brooks wins face-off versus Samuel Blais in Admirals zone.
4:17 of 3rd period - Justin Schultz is hit by Michael Karow.
4:19 of 3rd period - Shot by Dillon Dube.
4:19 of 3rd period - Stopped by Alex Stalock without a rebound.
4:20 of 3rd period - Sheldon Dries wins face-off versus Vinni Lettieri in Admirals zone.
4:21 of 3rd period - Shot by Oskar Lindblom.
4:21 of 3rd period - Stopped by Alex Stalock without a rebound.
4:22 of 3rd period - Sheldon Dries wins face-off versus Vinni Lettieri in Admirals zone.
4:37 of 3rd period - Shot by Sheldon Dries.
4:37 of 3rd period - Stopped by Alex Stalock without a rebound.
4:38 of 3rd period - Turner Elson wins face-off versus Adam Brooks in Admirals zone.
5:50 of 3rd period - Shot by Dillon Dube.
5:50 of 3rd period - Deflect By Samuel Blais.
5:50 of 3rd period - Stopped by Alex Stalock without a rebound.
5:51 of 3rd period - Jeff Kubiak wins face-off versus Sheldon Dries in Admirals zone.
6:04 of 3rd period - Ryan Lomberg is hit by William Wallinder and loses puck.
6:34 of 3rd period - Icing by Michael Karow.
6:35 of 3rd period - Jeff Kubiak wins face-off versus Samuel Blais in Admirals zone.
7:23 of 3rd period - Icing by Boris Katchouk.
7:24 of 3rd period - Sheldon Dries wins face-off versus Vinni Lettieri in Admirals zone.
7:26 of 3rd period - Ryan Lomberg is hit by Derrick Pouliot and loses puck.
7:34 of 3rd period - Icing by Vinni Lettieri.
7:35 of 3rd period - Vinni Lettieri wins face-off versus Daniel Walcott in Admirals zone.
7:58 of 3rd period - Jesse Ylonen is hit by Walker Duehr and loses puck.
8:14 of 3rd period - Icing by Billy Sweezey.
8:15 of 3rd period - Daniel Walcott wins face-off versus Jeff Kubiak in Reign zone.
8:15 of 3rd period - Daniel Walcott is hit by Gage Goncalves.
8:21 of 3rd period - Michael Karow is hit by Turner Elson and loses puck.
8:33 of 3rd period - Jeff Kubiak and Will Riedell fight to a draw.
8:33 of 3rd period - Penalty to Jeff Kubiak for Fighting.
8:33 of 3rd period - Penalty to Will Riedell for Fighting.
8:34 of 3rd period - Adam Brooks wins face-off versus Dillon Dube in Admirals zone.
9:02 of 3rd period - Steven Lorentz is hit by Robbie Russo and loses puck.
9:14 of 3rd period - Icing by Robbie Russo.
9:15 of 3rd period - Sheldon Dries wins face-off versus Adam Brooks in Admirals zone.
9:24 of 3rd period - Shot by Ryan Lomberg.
9:24 of 3rd period - Stopped by Alex Stalock without a rebound.
9:25 of 3rd period - Sheldon Dries wins face-off versus Vinni Lettieri in Admirals zone.
10:12 of 3rd period - Icing by Billy Sweezey.
10:13 of 3rd period - Sheldon Dries wins face-off versus Landon Slaggert in Reign zone.
10:13 of 3rd period - Sheldon Dries is hit by Nick Jones.
10:19 of 3rd period - Michael Karow is hit by Ryan Lomberg and loses puck.
10:33 of 3rd period - Icing by Victor Mete.
10:34 of 3rd period - Samuel Blais wins face-off versus Adam Brooks in Reign zone.
10:39 of 3rd period - Victor Mete is hit by Taylor Ward and loses puck.
10:58 of 3rd period - Shot by Jesse Ylonen.
10:58 of 3rd period - Stopped by Matt Murray without a rebound.
10:59 of 3rd period - Daniel Walcott wins face-off versus Landon Slaggert in Reign zone.
11:25 of 3rd period - Off-side.
11:26 of 3rd period - Dillon Dube wins face-off versus Jesse Ylonen in neutral zone.
11:30 of 3rd period - Icing by Brandt Clarke.
11:31 of 3rd period - Dillon Dube wins face-off versus Jesse Ylonen in Admirals zone.
12:03 of 3rd period - Shot by Derrick Pouliot.
12:03 of 3rd period - Shot Blocked by Victor Mete.
12:05 of 3rd period - Shot by Michael Pezzetta.
12:05 of 3rd period - Shot Misses the Net.
13:14 of 3rd period - Icing by Topi Niemela.
13:15 of 3rd period - Sheldon Dries wins face-off versus Vinni Lettieri in Reign zone.
13:15 of 3rd period - Sheldon Dries is hit by Michael Pezzetta.
13:18 of 3rd period - Ryan Lomberg is hit by Michael Pezzetta.
13:27 of 3rd period - Off-side.
13:28 of 3rd period - Daniel Walcott wins face-off versus Adam Brooks in neutral zone.
13:33 of 3rd period - Shot by Walker Duehr.
13:33 of 3rd period - Stopped by Alex Stalock without a rebound.
13:34 of 3rd period - Daniel Walcott wins face-off versus Vinni Lettieri in Admirals zone.
13:38 of 3rd period - Icing by Derrick Pouliot.
13:39 of 3rd period - Vinni Lettieri wins face-off versus Samuel Blais in Admirals zone.
13:48 of 3rd period - Shot by Will Riedell.
13:48 of 3rd period - Shot Blocked by Boris Katchouk.
13:50 of 3rd period - Shot by Daniel Walcott.
13:50 of 3rd period - Shot Misses the Net.
14:00 of 3rd period - Boris Katchouk is hit by Samuel Blais and loses puck.
14:10 of 3rd period - Boris Katchouk is hit by Will Riedell and loses puck.
14:11 of 3rd period - Minor Penalty to Will Riedell for Elbowing.
14:12 of 3rd period - Mason Geertsen wins face-off versus Adam Brooks in Reign zone.
14:22 of 3rd period - Jesse Ylonen is hit by Victor Mete and loses puck.
15:07 of 3rd period - Shot by Derrick Pouliot.
15:07 of 3rd period - Stopped by Matt Murray without a rebound.
15:08 of 3rd period - Vinni Lettieri wins face-off versus Mason Geertsen in Reign zone.
15:15 of 3rd period - Shot by Brandt Clarke.
15:15 of 3rd period - Shot Misses the Net.
15:17 of 3rd period - Shot by Vinni Lettieri.
15:17 of 3rd period - Stopped by Matt Murray without a rebound.
15:18 of 3rd period - Mason Geertsen wins face-off versus Vinni Lettieri in Reign zone.
15:24 of 3rd period - Icing by Brandt Clarke.
15:25 of 3rd period - Mason Geertsen wins face-off versus Vinni Lettieri in Admirals zone.
16:01 of 3rd period - Off-side.
16:02 of 3rd period - Adam Brooks wins face-off versus Sheldon Dries in neutral zone.
16:17 of 3rd period - Shot by Gage Goncalves.
16:17 of 3rd period - Shot Misses the Net.
16:43 of 3rd period - Gage Goncalves is hit by Walker Duehr.
17:07 of 3rd period - Shot by Jesse Ylonen.
17:07 of 3rd period - Deflect By Taylor Ward.
17:07 of 3rd period - Stopped by Matt Murray without a rebound.
17:08 of 3rd period - Taylor Ward wins face-off versus Dillon Dube in Reign zone.
17:09 of 3rd period - Shot by Adam Brooks.
17:09 of 3rd period - Shot Misses the Net.
18:40 of 3rd period - Icing by William Wallinder.
18:41 of 3rd period - Jeff Kubiak wins face-off versus Sheldon Dries in Admirals zone.
19:00 of 3rd period - Admirals, Alex Stalock is pulled from the net.
19:59 of 3rd period - Shot by Vinni Lettieri.
19:59 of 3rd period - Stopped by Matt Murray without a rebound.
Goals for this period are 0 for Reign vs 0 for Admirals.
Shots for this period are 7 for Reign vs 6 for Admirals.